 Dungeon Crawl Stone Soup version 0.19-a0-1493-gd0fcaa6 (webtiles) character file.

526 Amnesiac the Quickloader (level 7, 0/44 HPs)
             Began as a Kobold Hunter on Sept 9, 2016.
             Was an Initiate of Okawaru.
             Slain by a gnoll
             ... wielding a +0 spear
              (10 damage)
             ... on level 3 of the Dungeon.
             The game lasted 00:04:37 (3552 turns).

Amnesiac the Quickloader (Kobold Hunter)            Turns: 3552, Time: 00:04:38

Health: 0/44       AC:  3    Str: 10    XL:     7   Next: 47%
Magic:  7/7        EV: 15    Int: 16    God:    Okawaru [......]
Gold:   156        SH:  0    Dex: 17    Spells: 0 memorised, 6 levels left

rFire  + + .     SeeInvis .     b - +0 short sword
rCold  . . .     Gourm    .     q - +1 robe "Osioxt" {rF+ MR- Regen+ Int+4}
rNeg   . . .     Faith    .     (shield restricted)
rPois  .         Spirit   .     (no helmet)
rElec  .         Dismiss  .     (no cloak)
rCorr  .         Reflect  .     (no gloves)
MR     .....     Harm     .     (no boots)
Stlth  ++........               (no amulet)
                                (no ring)
                                v - ring of protection from fire

@: no status effects
A: carnivore 3
a: Renounce Religion


You were on level 3 of the Dungeon.
You worshipped Okawaru.
Okawaru was noncommittal.
You were very full.

You visited 2 branches of the dungeon, and saw 6 of its levels.

You collected 156 gold pieces.

Inventory:

Hand Weapons
 a - a +1 hand crossbow
 b - a +0 short sword (weapon)
Missiles
 d - 5 bolts
 h - 11 poisoned needles
Armour
 c - a +0 leather armour
 n - a +0 ring mail
 o - a +0 chain mail
 q - the +1 robe "Osioxt" (worn) {rF+ MR- Regen+ Int+4}
   (You found it on level 4 of the Dungeon)

   It affects your intelligence (+4).
   It protects you from fire.
   It affects your resistance to hostile enchantments.
   It increases your rate of regeneration.
 x - a cursed +0 leather armour
Jewellery
 v - a ring of protection from fire (left hand)
Scrolls
 g - 4 scrolls of identify {unknown}
 i - 5 scrolls of remove curse {unknown}
 j - a scroll of noise {unknown}
 k - a scroll of immolation {unknown}
 l - a scroll of fear {unknown}
 m - 2 scrolls of recharging {unknown}
 t - a scroll of teleportation {unknown}
Potions
 e - a potion of cancellation {unknown}
 p - 3 potions of mutation {unknown}
 r - a potion of haste {unknown}
 s - a potion of might {unknown}
 u - a potion of degeneration {unknown}
 w - a potion of curing {unknown}
 z - a potion of lignification {unknown}
Comestibles
 f - 4 meat rations
 A - a royal jelly


   Skills:
 + Level 5.1 Fighting
 * Level 8.7 Crossbows
 - Level 2.4 Dodging
 - Level 1.3 Stealth


You had 6 spell levels left.
You didn't know any spells.

Dungeon Overview and Level Annotations

Branches:
Dungeon (5/15)             Temple (1/1) D:5

Altars:
Cheibriados
Dithmenos
Elyvilon
Gozag
Kikubaaqudgha
Makhleb
Okawaru
Qazlal
Ru
Sif Muna
Trog
Uskayaw
Vehumet
Yredelemnul
Zin
The Shining One


Innate Abilities, Weirdness & Mutations

You are small and have problems with some larger weapons.
You are carnivorous and can eat meat at any time.


Message History

The gnoll is heavily wounded.
The gnoll hits you with a club!
A hobgoblin comes into view.
You hit the gnoll.
The gnoll is severely wounded.
The gnoll closely misses you.
The hobgoblin moves out of view.
You hit the gnoll.
The gnoll is severely wounded.
The gnoll hits you with a club!
You hit the gnoll.
You kill the gnoll!
Okawaru accepts your kill.
You hit the gnoll.
The gnoll is almost dead.
The gnoll hits you with a whip!
The gnoll hits you from afar with a spear.
* * * LOW HITPOINT WARNING * * *
The gnoll completely misses you.
The gnoll hits you from afar with a spear!
You die...

#....... ...#### #.......
#(#...# # #..... ....
###(....# .#
#...##...##..###...##..#g#
#....#...# #...s.#(.....#
>........####.##g##g.g...#
#........ ..#.##g##>g....#
.....#### #.#.##g##..?...#
.##....# #.#.##@##........
....##.####...##.##......##
###.......†...†..###.##.##
# #.#####.†......# .# .#
#.#####...(....# .# #
#.##...........# ..
###.†..##........#
........#########.....
........# .....


You could see 2 gnolls, a giant cockroach and a hobgoblin.

Vanquished Creatures
  The ghost of Amnesiac the Bolt Thrower, an amateur KoHu (D:4)
  A hound (D:2)
  An iguana (D:4)
  5 worker ants (D:4)
  An orc wizard (D:3)
  A gnoll (D:3)
  6 adders
  An ooze (D:2)
  An adder skeleton (D:4)
  2 worms (D:2)
  3 dart slugs
  2 giant geckos
  2 orcs
  2 giant cockroaches
  9 goblins
  7 hobgoblins
  3 jackals (D:1)
  A quokka (D:4)
  8 bats
  6 giant newts
  7 kobolds
  6 rats
76 creatures vanquished.

Vanquished Creatures (others)
  A giant gecko (D:5)
1 creature vanquished.

Grand Total: 77 creatures vanquished

Notes
Turn   | Place    | Note
-------+----------+-------------------------------------------
     0 | D:1      | Amnesiac the Kobold Hunter began the quest for the Orb.
     0 | D:1      | Reached XP level 1. HP: 12/12 MP: 1/1
   314 | D:1      | Reached skill level 5 in Crossbows
   314 | D:1      | Reached XP level 2. HP: 13/18 MP: 2/2
   611 | D:4      | Got a smoking robe
   622 | D:4      | Identified the +1 robe "Osioxt" {rF+ MR- Regen+ Int+4} (You found it on level 4 of the Dungeon)
   659 | D:4      | Reached XP level 3. HP: 16/23 MP: 3/3
   750 | D:4      | Reached skill level 6 in Crossbows
   750 | D:4      | Reached XP level 4. HP: 25/28 MP: 4/4
   831 | D:4      | Reached XP level 5. HP: 33/33 MP: 5/5
  1336 | D:4      | Noticed Amnesiac's ghost (amateur KoHu)
  1347 | D:4      | Reached skill level 7 in Crossbows
  1350 | D:4      | Killed Amnesiac's ghost
  1350 | D:4      | Reached XP level 6. HP: 26/39 MP: 6/6
  1611 | D:4      | Reached skill level 8 in Crossbows
  1649 | D:5      | Entered Level 5 of the Dungeon
  1673 | D:5      | Found a shadowy altar of Dithmenos.
  1678 | D:5      | Found a staircase to the Ecumenical Temple.
  1699 | Temple   | Entered the Ecumenical Temple
  1908 | Temple   | Became a worshipper of Warmaster Okawaru
  1944 | D:4      | Reached XP level 7. HP: 42/44 MP: 7/7
  2207 | D:1      | Reached skill level 5 in Fighting
  3205 | D:2      | Found a deep blue altar of Sif Muna.
  3337 | D:2      | Found a sacrificial altar of Ru.
  3552 | D:3      | Slain by a gnoll

Vault maps used:
D:1:      minmay_arrival_wavy_path
D:2:      led_sif_pool, nicolae_ru_the_path_less_chosen
D:3:      nicolae_overflow_crystal_walls, interstate_on_off
D:4:      first_bread
D:5:      ashenzari_conservatory_becter, xom_confusion_cloud,
          nicolae_dithmenos_through_a_glass_darkly
Temple:   eino_temple_water

Skill      XL: |  1  2  3  4  5  6  7 |
---------------+----------------------+-----
Crossbows      | 5 6 7 8 |  8.7
Fighting       | 3 4 5 |  5.1
Dodging        | |  2.4
Stealth        | |  1.3

Action                   |  1- 3 |  4- 6 |  7- 9 || total
-------------------------+-------+-------+-------++-------
Melee: Short sword       |    38 |       |   212 ||   250
 Fire: Hand crossbow     |     9 |    57 |    13 ||    79
 Stab: Sleeping          |     1 |       |     2 ||     3
       Distracted        |       |       |     1 ||     1
  Eat: Chunk             |     8 |     3 |     5 ||    16
Armor: Leather armour    |     9 |       |       ||     9
       Robe              |       |     3 |    50 ||    53
Dodge: Dodged            |    26 |    23 |   209 ||   258
